 Dungeon Sprint DCSS version 0.26-a0-683-g5206c1d7ac (webtiles) character file.

Game seed: 7506945202612161847

11400000 jfcaron the Axe Maniac (level 27, -42/249 HPs)
             Began as a Formicid Fighter on Oct 23, 2020.
             Was the Champion of Makhleb.
             Killed from afar by a wretched soul (77 damage)
             ... with a bolt of negative energy
             ... in the Dungeon (Sprint VIII: "Arena of Blood").
             The game lasted 00:06:52 (114 turns).

jfcaron the Axe Maniac (Formicid Fighter)            Turns: 114, Time: 00:06:53

Health: -42/249    AC: 12    Str: 24    XL:     27
Magic:  46/54      EV: 30    Int:  9    God:    Makhleb [******]
Gold:   0          SH: 18    Dex: 19    Spells: 80/80 levels left

rFire    . . .     SeeInvis +   g - +∞ Axe of Woe
rCold    . . .     Faith    .   b - +0 kite shield
rNeg     . . .     Spirit   .   a - +0 scale mail
rPois    .         Reflect  .   (helmet unavailable)
rElec    .         Harm     .   (no cloak)
rCorr    .         Rampage  .   (no gloves)
MR       ++...                  (no boots)
Stlth    ++++++++..             (no amulet)
HPRegen  0.51/turn              (no ring)
MPRegen  0.34/turn              (no ring)

@: lethally poisoned (-42 -> -60), heavily drained
A: permanent stasis, dig shafts and tunnels, four strong arms, antennae 3
a: Dig, Minor Destruction, Lesser Servant of Makhleb, Major Destruction, Greater
Servant of Makhleb, Renounce Religion


You were in the Dungeon.
You worshipped Makhleb.
Makhleb was exalted by your worship.
You visited 1 branch

Inventory:

Hand Weapons
 g - the +∞ Axe of Woe (weapon)
   (You found it in the Dungeon)
Armour
 a - a +0 scale mail (worn)
 b - a +0 kite shield (worn)
Jewellery
 h - an uncursed ring of protection from fire
Potions
 c - a potion of might
 d - a potion of curing
 e - a potion of heal wounds
 f - 2 potions of magic


   Skills:
 O Level 27(24.2) Fighting
 O Level 27(24.2) Axes
 O Level 27(24.2) Throwing
 O Level 27(24.2) Armour
 O Level 27(24.2) Dodging
 O Level 27(24.2) Stealth
 O Level 27(24.2) Shields
 O Level 27(24.2) Unarmed Combat
 O Level 27(24.2) Spellcasting
 O Level 27(24.2) Invocations


You had 80 spell levels left.
You didn't know any spells.
Your spell library was empty.

Dungeon Overview and Level Annotations

Branches:
Dungeon (1/1)

Altars:
Makhleb


Innate Abilities, Weirdness & Mutations

You cannot be hasted, slowed, berserked, paralysed or teleported.
You can dig through walls and to a lower floor.
Your four strong arms can wield two-handed weapons with a shield.
You have a pair of large antennae on your head. (SInv)


Message History

Here: a scourge (almost dead)
Items here: ))))))))) =========.
The floor, spattered with blood.
Press: ? - help, Shift-Dir - straight line, f - eight-headed meat hydra
Aim: an eight-headed meat hydra (almost dead)
The bolt of fire misses the scourge.
The bolt of fire hits the eight-headed meat hydra!!
The eight-headed meat hydra is almost dead.
You feel very sick.
You hear a shout! x5
The scourge breathes poison at you.
The blast of poison engulfs the sculptor of flesh.
The sculptor of flesh completely resists.
You hear a shout! x2
The wretched soul breathes negative energy at you.
The bolt of negative energy hits the tyrant.
The tyrant completely resists.
The bolt of negative energy hits you!!!!
You feel drained.
You die...

#....#.....)○)....
#...))...#.X§o....
#...S)....#.......
#))○W)W......#....
#))§.L....#......#
#○§☼☼#............
##x☼☼☼##.......#...
##○z○x..#.....#.....
##{#@)☼...###........
#)#§S°o..## ..# ....
##.#)oo.#... #...
###z§.o#{.. ....


#oDXWX... ...# #........ #........ #........ #........ You could see a tyrant,
an eight-headed meat hydra, 2 scourges, 2 sculptors of flesh, 2 large
abominations, a wretched soul (invisible), 2 dreads, a small abomination, 5 bags
of meat and a crawling corpse.

Vanquished Creatures
  A hell beast (D)
  6 greater mummies (D)
  3 great orbs of eyes (D)
  8 vampire knights (D)
  33 ogres (D)
  7 two-headed ogres (D)
  2 liches (D)
  79 orcs (D)
  A phantom (D)
  6 skeletal warriors (D)
  3 large abominations (D)
  7 small abominations (D)
  15 crawling corpses (D)
171 creatures vanquished.

Notes
Turn   | Place    | Note
-------+----------+-------------------------------------------
     0 | D        | Found the +∞ Axe of Woe
     0 | D        | jfcaron the Formicid Fighter began the quest for the Orb.
     0 | D        | Reached XP level 1. HP: 18/18 MP: 1/1
     4 | D        | Became a worshipper of Makhleb the Destroyer
     4 | D        | Noticed a meat berserker
     6 | D        | Noticed a bag of meat
     6 | D        | Noticed a bag of meat
     6 | D        | Noticed a meat berserker
     6 | D        | Noticed a bag of meat
     7 | D        | Noticed a bag of meat
     8 | D        | Noticed a bag of meat
     8 | D        | Noticed a bag of meat
     8 | D        | Noticed a bag of meat
     8 | D        | Noticed a large bag of meat
     9 | D        | Killed a meat berserker
     9 | D        | Reached XP level 2. HP: 46/46 MP: 2/2
     9 | D        | Reached XP level 3. HP: 52/52 MP: 3/3
     9 | D        | Reached XP level 4. HP: 59/59 MP: 4/4
     9 | D        | Reached XP level 5. HP: 65/65 MP: 5/5
     9 | D        | Reached XP level 6. HP: 73/73 MP: 6/6
     9 | D        | Reached XP level 7. HP: 79/79 MP: 7/7
     9 | D        | Reached XP level 8. HP: 86/86 MP: 8/8
     9 | D        | Reached XP level 9. HP: 92/92 MP: 9/9
     9 | D        | Reached XP level 10. HP: 99/99 MP: 10/10
     9 | D        | Reached XP level 11. HP: 106/106 MP: 11/11
     9 | D        | Reached XP level 12. HP: 113/113 MP: 12/12
     9 | D        | Reached XP level 13. HP: 119/119 MP: 13/13
     9 | D        | Killed a bag of meat
     9 | D        | Reached * piety under Makhleb
     9 | D        | Reached XP level 14. HP: 130/130 MP: 14/14
     9 | D        | Noticed a meat berserker
     9 | D        | Noticed a bag of meat
     9 | D        | Noticed a meat berserker
     9 | D        | Noticed a meat berserker
    10 | D        | Killed a meat berserker
    10 | D        | Reached XP level 15. HP: 141/141 MP: 15/15
    10 | D        | Reached XP level 16. HP: 150/150 MP: 16/16
    11 | D        | Noticed a meat berserker
    12 | D        | Reached ** piety under Makhleb
    12 | D        | Reached skill level 27 in Axes
    12 | D        | Reached XP level 17. HP: 165/165 MP: 17/17
    12 | D        | Reached *** piety under Makhleb
    13 | D        | Killed a large bag of meat
    13 | D        | Reached skill level 27 in Fighting
    13 | D        | Reached skill level 27 in Armour
    13 | D        | Reached skill level 27 in Shields
    13 | D        | Reached skill level 5 in Spellcasting
    13 | D        | Reached XP level 18. HP: 182/182 MP: 17/25
    13 | D        | Killed a meat berserker
    13 | D        | Reached XP level 19. HP: 189/189 MP: 17/37
    13 | D        | Noticed a meat berserker
    13 | D        | Noticed a meat berserker
    13 | D        | Noticed a meat berserker
    14 | D        | Noticed a meat berserker
    14 | D        | Noticed a meat berserker
    15 | D        | Noticed a large bag of meat
    15 | D        | Noticed a meat berserker
    15 | D        | Noticed a meat berserker
    15 | D        | Noticed a meat berserker
    17 | D        | Killed a meat berserker
    17 | D        | Reached **** piety under Makhleb
    17 | D        | Reached XP level 20. HP: 197/197 MP: 17/43
    17 | D        | Killed a meat berserker
    17 | D        | Killed a meat berserker
    17 | D        | Reached ***** piety under Makhleb
    17 | D        | Reached skill level 27 in Invocations
    17 | D        | Reached XP level 21. HP: 204/204 MP: 17/50
    18 | D        | Killed a meat berserker
    18 | D        | Reached skill level 27 in Spellcasting
    18 | D        | Reached skill level 27 in Dodging
    18 | D        | Reached skill level 10 in Stealth
    18 | D        | Reached XP level 22. HP: 212/212 MP: 18/53
    20 | D        | Noticed a large bag of meat
    20 | D        | Noticed a destroyer
    21 | D        | Noticed a meat berserker
    22 | D        | Noticed a meat berserker
    22 | D        | Reached skill level 15 in Throwing
    22 | D        | Killed a meat berserker
    22 | D        | Killed a meat berserker
    22 | D        | Reached ****** piety under Makhleb
    22 | D        | Reached XP level 23. HP: 203/219 MP: 19/54
    22 | D        | Reached skill level 27 in Stealth
    24 | D        | Noticed a destroyer
    24 | D        | Reached skill level 27 in Throwing
    24 | D        | Reached skill level 27 in Unarmed Combat
    24 | D        | Reached XP level 24. HP: 227/227 MP: 19/54
    25 | D        | Reached XP level 25. HP: 234/234 MP: 20/54
    26 | D        | Noticed a large bag of meat
    26 | D        | Noticed a large bag of meat
    27 | D        | Reached XP level 26. HP: 242/242 MP: 20/54
    28 | D        | Killed a large bag of meat
    28 | D        | Reached XP level 27. HP: 249/249 MP: 21/54
    29 | D        | Noticed a large bag of meat
    30 | D        | Noticed a destroyer
    30 | D        | Killed a destroyer
    32 | D        | Killed a large bag of meat
    32 | D        | Killed a destroyer
    34 | D        | Killed a large bag of meat
    36 | D        | Noticed a destroyer
    38 | D        | Noticed a destroyer
    38 | D        | Noticed a large bag of meat
    41 | D        | Noticed a destroyer
    44 | D        | Killed a destroyer
    45 | D        | Killed a destroyer
    46 | D        | Noticed an accursed
    48 | D        | Killed a destroyer
    51 | D        | Killed a destroyer
    52 | D        | Killed a large bag of meat
    89 | D        | Noticed a tyrant
    89 | D        | Noticed an accursed
    89 | D        | Noticed an accursed
    89 | D        | Noticed a meat beast
    90 | D        | Killed a large bag of meat
    90 | D        | Noticed a dread
    90 | D        | Noticed a large bag of meat
    92 | D        | Noticed an accursed
    93 | D        | Noticed an accursed
    95 | D        | Noticed an accursed
    96 | D        | Noticed a tyrant
    99 | D        | Killed an accursed
   100 | D        | Killed a meat beast
   100 | D        | Noticed an accursed
   101 | D        | Noticed a destroyer
   101 | D        | Noticed a destroyer
   102 | D        | Noticed a tyrant
   103 | D        | Killed an accursed
   103 | D        | Killed an accursed
   103 | D        | Killed a tyrant
   105 | D        | Killed a destroyer
   105 | D        | Killed a large bag of meat
   105 | D        | Killed an accursed
   110 | D        | Noticed a dread
   110 | D        | Killed a tyrant
   110 | D        | Killed an accursed
   111 | D        | Killed a destroyer
   112 | D        | Killed an accursed
   113 | D        | HP: 43/249 [??? (40)]
   114 | D        | Killed from afar by a wretched soul

Illustrated notes

Levels and vault maps discovered:
D:        meatsprint

Skill      XL: |  1  2  3  4  5  6  7  8  9 10 11 12 13 14 15 16 17 18 19 20 21 22 23 |
---------------+----------------------------------------------------------------------+-----
Fighting       | 16 18 20 23 27 | 27.0
Axes           | 20 21 24 25 27 | 27.0
Armour         | 16 18 20 23 27 | 27.0
Shields        | 17 19 21 22 25 27 | 27.0
Dodging        | 4 13 18 23 27 | 27.0
Spellcasting   | 5 14 19 25 27 | 27.0
Invocations    | 6 17 22 27 | 27.0
Throwing       | 11 21 27 | 27.0
Stealth        | 14 26 27 | 27.0
Unarmed Combat | 11 21 27 | 27.0

Action                   |  1- 3 |  4- 6 |  7- 9 | 10-12 | 13-15 | 16-18 | 19-21 | 22-24 | 25-27 || total
-------------------------+-------+-------+-------+-------+-------+-------+-------+-------+-------++-------
Melee: Executioner's axe |     1 |       |       |       |     1 |     2 |     2 |     3 |    40 ||    49
Invok: Major Destruction |       |       |       |       |       |       |       |       |     1 ||     1
 Abil: Dig               |       |       |       |       |       |       |       |       |     2 ||     2
Dodge: Dodged            |     1 |       |       |       |       |       |     1 |     3 |    10 ||    15
Block: Kite shield       |       |       |       |       |     2 |     1 |     2 |     5 |    12 ||    22

Table legend: (Time is in decaauts)
 A = Elapsed time spent in this place.
 B = Non-inter-level travel time spent in this place.
 C = Inter-level travel time spent in this place.
 D = Time resting spent in this place.
 E = Time spent auto-exploring this place.
 F = Levels seen in this place.
 G = Mean time per level.
                   A        B        C        D        E       F      G
               +--------+--------+--------+--------+--------+-----+--------+
         Total |    101 |    101 |      0 |      9 |      0 |   1 |  101.0 |
       Dungeon |    101 |    101 |      0 |      9 |      0 |   1 |  101.0 |
               +--------+--------+--------+--------+--------+-----+--------+

Top non-repeatable levels by time:
       D: 101 daAuts
